 Dungeon Crawl Stone Soup version 0.27-b1-23-g44b8eac545 (webtiles) character file.

Game seed: 5861167355734111678

16 hawla the Sneak (level 2, -4/18 HPs)
             Began as a Deep Elf Delver on July 27, 2021.
             Slain by an orc (6 damage)
             ... in the Ecumenical Temple.
             The game lasted 00:01:55 (275 turns).

hawla the Sneak (Deep Elf Delver)                    Turns: 275, Time: 00:01:56

Health: -4/18      AC:  3    Str:  8 (9)  XL:     2   Next: 41%
Magic:  4/4        EV: 12    Int: 13 (14) God:
Gold:   55         SH:  0    Dex: 14 (16) Spells: 1/1 levels left

rFire    . . .     SeeInvis .   a - +0 short sword
rCold    . . .     Faith    .   (no shield)
rNeg     . . .     Spirit   .   b - +0 leather armour
rPois    .         Reflect  .   (no helmet)
rElec    .         Harm     .   (no cloak)
rCorr    .         Rampage  .   (no gloves)
Will     .....                  (no boots)
Stlth    +++.......             (no amulet)
HPRegen  0.06/turn              (no ring)
MPRegen  0.09/turn              (no ring)

@: hasted, very quick
A: no striking features
a: no special abilities


You were in the Ecumenical Temple.
You visited 2 branches of the dungeon, and saw 4 of its levels.

You collected 55 gold pieces.

Inventory:

Hand Weapons
 a - a +0 short sword (weapon)
Armour
 b - a +0 leather armour (worn)
Wands
 g - a wand of digging (3)
Scrolls
 c - a scroll of fog
 d - a scroll of magic mapping
 i - a scroll of summoning {unknown}


   Skills:
 + Level 2.6 Fighting
 + Level 2.1 Short Blades
 + Level 2.4 Dodging
 + Level 6.5 Stealth


You had one spell level left.
You didn't know any spells.
Your spell library was empty.

Dungeon Overview and Level Annotations

Branches:
Dungeon (6/15)             Temple (1/1) D:4

Altars:
Ashenzari
Gozag
Wu Jian
Yredelemnul


Message History

The orc hits you but does no damage.
You climb downwards.
Welcome to the Ecumenical Temple!
There is a staircase back to the Dungeon here.
The orc hits you with a +0 club.
You climb upwards.
The orc barely misses you. The orc closely misses you.
There is a staircase to the Ecumenical Temple here.
You hit the orc.
The orc is lightly wounded.
The orc hits you from afar with a +0 trident.
The orc misses you. The orc barely misses you.
You climb downwards.
Welcome back to the Ecumenical Temple!
There is a staircase back to the Dungeon here.
You completely miss the orc.
The orc is lightly wounded.
The orc barely misses you. The orc hits you with a +0 club.
* * * LOW HITPOINT WARNING * * *
Okay, then.
As you read the scroll of fear, it crumbles to dust.
You assume a fearsome visage.
The orc looks frightened! x2
Cornered, the orc turns to fight!
Okay, then.
Found a broken altar of Ashenzari.
It was a potion of degeneration.
There was something very wrong with that liquid.
You feel weakened.
You feel dopey.
You feel clumsy.
You completely miss the orc. The orc closely misses you.
You hit the orc but do no damage. The orc closely misses you.
You hit the orc but do no damage. The orc hits you with a +0 flail.
* * * LOW HITPOINT WARNING * * *
You hit the orc but do no damage. The orc closely misses you.
You completely miss the orc. The orc hits you with a +0 flail.
* * * LOW HITPOINT WARNING * * *
You hit the orc but do no damage. The orc closely misses you.
You barely miss the orc. The orc misses you.
You hit the orc but do no damage. The orc misses you.
You hit the orc but do no damage. The orc hits you with a +0 flail.
* * * LOW HITPOINT WARNING * * *
You feel yourself speed up. The orc hits you with a +0 flail.
You die...

#.......# P.......+
#.......# #.......##
##.......### #.
#.........#### ###...
#............## #......
##............##.......
#...._.......o@.......
##...........##.......
###≈≈≈≈≈≈≈≈## #≈≈≈≈≈≈
####≈≈≈### ##≈≈≈# #####
###


You could see an orc.

Vanquished Creatures
  An adder (D:6)
  An ufetubus (D:6)
  An orc (D:6)
3 creatures vanquished.

Notes
Turn   | Place    | Note
-------+----------+-------------------------------------------
     0 | D:5      | hawla the Deep Elf Delver began the quest for the Orb.
     0 | D:5      | Reached XP level 1. HP: 13/13 MP: 3/3
    31 | D:6      | Found an opulent altar of Gozag.
   119 | D:6      | Reached XP level 2. HP: 18/18 MP: 4/4
   207 | D:4      | Found a staircase to the Ecumenical Temple.
   212 | D:4      | Noticed a kobold brigand
   216 | Temple   | Entered the Ecumenical Temple
   275 | Temple   | Slain by an orc

Illustrated notes

Levels and vault maps discovered:
D:4:      layout_cave_pods, mainiacjoe_overflow_tiny_flanked,
          gammafunk_temple_overflow_pools, minmay_temple_entry_crystal_x,
          uniq_menkaure, uniq_natasha, uniq_grinder
D:5:      layout_loops_corners, mainiacjoe_overflow_concentric_impassable,
          nicolae_overflow_hidden_temple, elyvilon_altar_4, okawaru_gym_becter
D:6:      layout_loops_ring, nicolae_gozag_seed_capital
Temple:   minmay_temple_curvy_loop

Action                   || total
-------------------------++-------
Melee: Short sword       ||    14
  Use: Potion            ||     2
       Scroll            ||     1
 Stab: Sleeping          ||     3
Armor: Leather armour    ||     1
Dodge: Dodged            ||    11
